 Dungeon Crawl Stone Soup version 0.17-a0-1691-g18a3847 (webtiles) character file.

74 Gorice the Sneak (level 4, -3/33 HPs)
             Began as a Vampire Wanderer on Aug 20, 2015.
             Was a Follower of Makhleb.
             Killed by nerve-wracking pain
             ... invoked by Jessica
              (12 damage)
             ... on level 2 of the Dungeon.
             The game lasted 00:11:16 (2410 turns).

Gorice the Sneak (Vampire Wanderer)                 Turns: 2410, Time: 00:11:16

Health: -3/33      AC:  6    Str: 13    XL:     4   Next: 9%
Magic:  4/4        EV: 10    Int: 14    God:    Makhleb [*.....]
Gold:   98         SH:  0    Dex: 12    Spells: 0 memorised, 3 levels left

rFire  . . .     SeeInvis +     a - +0 short sword
rCold  . . .     Clarity  .     c - +0 ring mail
rNeg   + . .     SustAt   .     (no shield)
rPois  .         Gourm    .     q - +0 helmet
rElec  .         Spirit   .     (no cloak)
rCorr  .         Warding  .     (no gloves)
rMut   .         Stasis   .     (no boots)
MR     .....                    (no amulet)
Stlth  ++........               (no ring)
                                (no ring)

@: not resistant to hostile enchantments, unstealthy
A: fangs 3, see invisible, unbreathing
a: Bat Form, Renounce Religion


You were on level 2 of the Dungeon.
You worshipped Makhleb.
Makhleb was aware of your devotion.
You were not thirsty.

You visited 1 branch of the dungeon, and saw 2 of its levels.

You collected 98 gold pieces.

Inventory:

Hand weapons
 a - a +0 short sword (weapon)
 b - a +2 blowgun
 d - a +0 dagger
 p - a +0 hunting sling
Missiles
 i - 12 exploding sling bullets
 Z - 14 stones (quivered)
Armour
 c - a +0 ring mail (worn)
 k - a +0 chain mail
 n - a +0 scale mail
 q - a +0 helmet (worn)
Scrolls
 l - a scroll of amnesia
 r - 2 scrolls of teleportation {!r}
 t - 2 scrolls of identify {unknown}
Potions
 e - 19 potions of blood
 g - 2 potions of cure mutation {unknown}
 h - 2 potions of haste {unknown}
 j - a potion of flight {unknown}
 m - a potion of lignification {unknown}
 o - 2 potions of curing
 s - a potion of brilliance {unknown}


   Skills:
 + Level 2.1 Fighting
 + Level 0.7 Short Blades
   Level 1.5 Bows
 - Level 1.7 Throwing
 - Level 1.5 Armour
 + Level 4.0 Stealth
   Level 1.5 Fire Magic
   Level 1.0 Air Magic


You had 3 spell levels left.
You didn't know any spells.

Dungeon Overview and Level Annotations

Branches:
Dungeon (2/15)

Altars:
Makhleb
Xom
Zin
The Shining One

Annotations:
D:2 Jessica


Innate Abilities, Weirdness & Mutations

You have razor-sharp teeth.
You have supernaturally acute eyesight.
You can survive without breathing.


Message History

You kill the giant cockroach!
Makhleb accepts your kill.
You can now gain health from killing.
No target in view!
You see here a giant cockroach corpse.
You see here a rat corpse.
You bottle the corpse's blood.
e - 19 potions of blood (gained 1)
You see here a rat skeleton.
You start resting.
Wield which item (- for none, * to show all)? (? for menu, Esc to quit)
b - a +2 blowgun (weapon)
Firing (i - inventory. (,) - cycle):
f - a curare-tipped needle (quivered)
Press: ? - help, Shift-Dir - straight line, f - Jessica
Aim: Jessica, wearing a robe and carrying a wand of slowing {zapped: 2} (hasn't noticed you)
You shoot a curare-tipped needle.
The curare-tipped needle closely misses Jessica.
a - a +0 short sword (weapon)
You hit Jessica. You bite Jessica, but do no damage.
Jessica is heavily wounded.
Jessica hits you but does no damage.
You hit Jessica.
Jessica is almost dead.
Jessica drinks a potion.
Jessica is healed!
Jessica gestures at you while chanting. Pain shoots through your body!
Damage: 9 (max 9)
You barely miss Jessica.
Jessica is moderately wounded.
Jessica hits you but does no damage.
You hit Jessica.
Jessica is heavily wounded.
Jessica gestures at you while chanting. Pain shoots through your body!
* * * LOW HITPOINT WARNING * * *
Damage: 4 (max 9)
You are too injured to fight recklessly!
You are too injured to fight recklessly!
You are too injured to fight recklessly!
You are too injured to fight recklessly!
You are too injured to fight recklessly!
You are too injured to fight recklessly!
You are too injured to fight recklessly!
You closely miss Jessica.
Jessica is heavily wounded.
Jessica zaps a wand.
You resist with some effort.
You hit Jessica.
Jessica is severely wounded.
Jessica gestures at you while chanting. Pain shoots through your body!
You die...

.........##.#####(.# #.
.........##.## ##.# ####. .......
..#..# #.####.... .... #.##.##
#.##...### #..##.####..#..#
##.#..###
..#..#.....)..##.###....## ##.
#..#...............#.## #..
#..#.........#.#####..# #.#
#.##...%...@.#.# ##.# #.#
#.##.......@...# #.## ##.#
#.##.....†..(..# #..#####
#..###.##....<..#...#######.##...
.................................
..###.......#####.....#####...###
..# #...##### ###..<........##.
..# #...# #######...).....#.#..
..# ##.## ##........########.##.


You could see Jessica.

Vanquished Creatures
  Robin (D:1)
  An adder (D:2)
  2 giant geckos (D:1)
  2 giant cockroaches
  15 goblins
  12 hobgoblins
  A quokka (D:2)
  A bat (D:1)
  3 giant newts
  3 jackals (D:1)
  3 kobolds
  4 rats
48 creatures vanquished.

Notes
Turn   | Place    | Note
--------------------------------------------------------------
     0 | D:1      | Gorice the Vampire Wanderer began the quest for the Orb.
     0 | D:1      | Gorice set off with: a curare-tipped needle, a +2 blowgun, a +0 ring mail, a scroll of teleportation {!r}, a potion of blood
     0 | D:1      | Reached XP level 1. HP: 15/15 MP: 1/1
     2 | D:1      | Reached skill level 2 in Stealth
   131 | D:1      | HP: 4/15 [hobgoblin (3)]
   134 | D:1      | Reached XP level 2. HP: 4/21 MP: 2/2
  1116 | D:1      | Reached skill level 3 in Stealth
  1246 | D:2      | Found a shimmering altar of Xom.
  1269 | D:1      | Reached XP level 3. HP: 24/26 MP: 3/3
  1308 | D:2      | Found a burning altar of Makhleb.
  1309 | D:2      | Noticed an Executioner
  1313 | D:2      | Noticed a ynoxinul
  1313 | D:2      | Noticed a neqoxec
  1315 | D:2      | Became a worshipper of Makhleb the Destroyer
  1356 | D:2      | Noticed Robin
  1442 | D:2      | HP: 8/27 [hobgoblin/club[Robin] (5)]
  1457 | D:2      | HP: 5/27 [goblin/stone[Robin] (1)]
  1901 | D:1      | Killed Robin
  2006 | D:2      | Reached skill level 2 in Fighting
  2041 | D:2      | Found a glowing silver altar of Zin.
  2044 | D:2      | Found a glowing golden altar of the Shining One.
  2057 | D:2      | Reached skill level 4 in Stealth
  2241 | D:2      | Reached XP level 4. HP: 31/33 MP: 4/4
  2334 | D:2      | Noticed Jessica
  2372 | D:2      | Acquired Makhleb's first power
  2408 | D:2      | HP: 9/33 [Jessica/nerve-wracking pain (4)]
  2410 | D:2      | Killed from afar by Jessica

Vault maps used:
D:1:      lightli_arrival_boilingwater
D:2:      grunt_temple_overflow_open, first_bread, makhleb_altar_promises_db,
          uniq_sigmund, uniq_jessica, uniq_robin

Action                   |  1- 3 |  4- 6 || total
-------------------------+-------+-------++-------
Melee: Dagger            |   219 |       ||   219
       Short sword       |    34 |    25 ||    59
 Fire: Blowgun           |     3 |     1 ||     4
  Use: Potion            |     4 |     1 ||     5
       Scroll            |     2 |       ||     2
 Stab: Sleeping          |     3 |     1 ||     4

Table legend:
 A = Turns spent in this place as a percentage of turns spent in the entire game.
 B = Non-inter-level travel turns spent in this place as a percentage of non-inter-level travel turns spent in the entire game.
 C = Inter-level travel turns spent in this place as a percentage of turns spent in this place.
 D = Turns resting spent in this place as a percentage of non-inter-level travel turns spent in this place.
 E = Turns spent auto-exploring this place as a percentage of non-inter-level travel turns spent in this place.
 F = Non-inter-level travel turns spent in this place divided by the number of levels of this place that you've seen.
                   A       B       C       D       E      F
               +-------+-------+-------+-------+-------+----------------------
         Total | 100.0 | 100.0 |   0.1 |   2.5 |   5.6 | 446.5
       Dungeon | 100.0 | 100.0 |   0.1 |   2.5 |   5.6 | 446.5
               +-------+-------+-------+-------+-------+----------------------

Vault maps used:
D:1:      lightli_arrival_boilingwater
D:2:      grunt_temple_overflow_open, first_bread, makhleb_altar_promises_db,
          uniq_sigmund, uniq_jessica, uniq_robin
